 Dungeon Crawl Stone Soup version 0.28.0-47-ge53b351184 (webtiles) character file.

Game seed: 12306429741996291795

121195 pkoi the Devastator (level 15, 0/123 HPs)
             Began as a Demigod Conjurer on Apr 27, 2022.
             Hit by a boomerang thrown by a merfolk (5 damage)
             ... on level 2 of the Shoals.
             The game lasted 01:45:06 (56046 turns).

pkoi the Devastator (Demigod Conjurer)             Turns: 56046, Time: 01:45:07

Health: 0/123      AC: 15    Str:  8    XL:     15   Next: 84%
Magic:  4/33       EV: 28    Int: 46    God:
Gold:   1913       SH:  0    Dex: 10    Spells: 3/33 levels left

rFire   + . .      SeeInvis +   P - staff of conjuration
rCold   + . .      Faith    .   (no shield)
rNeg    . . .      Spirit   .   Z - +3 leather armour {rC+ rF+}
rPois   .          Reflect  .   F - +2 helmet {SInv}
rElec   +          Harm     .   q - +0 cloak {Will+}
rCorr   .          Rampage  .   d - +1 pair of gloves
Will    +++..                   h - +0 pair of boots
Stlth   +++.......              v - amulet of the acrobat
HPRegen 0.30/turn               j - ring of Nicval {Wiz rElec Will+ Dex-2}
MPRegen 0.23/turn               f - +6 ring of intelligence

@: about to teleport, acrobatic
A: high MP 1, forlorn, divine attributes
a: no special abilities


You were on level 2 of the Shoals.
You visited 5 branches of the dungeon, and saw 23 of its levels.
You also visited: Ossuary and Ice Cave.

You collected 2928 gold pieces.
You spent 1015 gold pieces at shops.

Inventory:

Hand Weapons
 H - the +5 scimitar of the Vaults {vorpal, rPois Int+3}
   (You bought it in a shop on level 10 of the Dungeon)

   It inflicts extra damage upon your enemies.
   Int:       It affects your intelligence (+3).
   rPois:     It protects you from poison.
 R - the +10 short sword of Deqy {venom, Will- Int+7}
   (You found it on level 5 of the Lair of Beasts)

   It poisons the flesh of those it strikes.
   Int:       It affects your intelligence (+7).
   Will:      It decreases your willpower.
Missiles
 x - 11 throwing nets
 y - 6 boomerangs of dispersal
Armour
 d - a +1 pair of gloves (worn)
 h - a +0 pair of boots (worn)
 q - a +0 cloak of willpower (worn)
 F - a +2 helmet of see invisible (worn)
 Z - a +3 leather armour of resistance (worn)
Magical Staves
 g - a staff of poison
 P - a staff of conjuration (weapon)
 W - a staff of death
Jewellery
 e - a +4 ring of evasion
 f - a +6 ring of intelligence (right hand)
 j - the ring of Nicval (left hand) {Wiz rElec Will+ Dex-2}
   (You acquired it on level 12 of the Dungeon)

   [ring of wizardry]

   It improves your spell success rate.
   Dex:       It affects your dexterity (-2).
   rElec:     It insulates you from electricity.
   Will:      It increases your willpower.
 k - a +4 ring of slaying
 s - a ring of protection from fire
 v - an amulet of the acrobat (around neck)
 M - a ring of fire
 N - a ring of ice
 T - a ring of poison resistance
 V - a ring of see invisible
Wands
 l - a wand of acid (7)
 p - a wand of digging (1)
 r - a wand of iceblast (12)
 t - a wand of mindburst (11)
 u - a wand of charming (16)
 A - a wand of flame (49)
 L - a wand of paralysis (8)
 U - a wand of polymorph (14)
Scrolls
 i - 11 scrolls of identify
 m - a scroll of amnesia
 o - 7 scrolls of teleportation
 E - 2 scrolls of enchant armour
 G - 5 scrolls of magic mapping
 J - 3 scrolls of blinking
 K - 7 scrolls of enchant weapon
 S - a scroll of holy word
 X - a scroll of summoning
 Y - a scroll of silence
Potions
 a - 2 potions of ambrosia
 b - 4 potions of flight
 c - a potion of invisibility
 n - 2 potions of haste
 w - 6 potions of curing
 z - 2 potions of cancellation
 B - 2 potions of magic
 C - 3 potions of heal wounds
 D - 2 potions of berserk rage
 I - 5 potions of might
 O - a potion of resistance
 Q - a potion of brilliance


   Skills:
 + Level 8.4 Fighting
 - Level 7.0 Armour
 + Level 8.1 Dodging
 - Level 6.0 Stealth
 + Level 9.5 Spellcasting
 - Level 16.0 Conjurations
 - Level 9.0 Hexes
 - Level 7.0 Translocations
 - Level 6.0 Fire Magic
 + Level 4.1 Air Magic
 - Level 6.3 Evocations


You had 3 spell levels left.
You knew the following spells:

 Your Spells              Type           Power      Damage    Failure   Level
a - Magic Dart            Conj           100%       1d8       0%          1
b - Conjure Ball Lightni  Conj/Air       53%        3x3d18    1%          6
c - Iskenderun's Mystic   Conj/Tloc      100%       2d19      1%          4
d - Fulminant Prism       Conj/Hex       58%        3d25      1%          4
e - Blink                 Tloc           100%       N/A       1%          2
f - Orb of Destruction    Conj           65%        9d15      1%          7
g - Starburst             Conj/Fire      55%        6d15      1%          6

Your spell library contained the following spells:

 Spells                   Type           Power      Damage    Failure   Level
 Searing Ray              Conj           100%       2d8       0%          2
 Freeze                   Ice            84%        1d10      1%          1
 Pain                     Necr           84%        1d8       1%          1
 Ensorcelled Hibernation  Hex/Ice        100%       N/A       1%          2
 Passwall                 Tmut/Erth      17%        N/A       1%          2
 Poisonous Vapours        Pois/Air       80%        N/A       1%          2
 Scorch                   Fire           100%       2d10      1%          2
 Static Discharge         Conj/Air       100%       N/A       1%          2
 Conjure Flame            Conj/Fire      100%       6-21      1%          3
 Dazzling Flash           Conj/Hex       100%       N/A       1%          3
 Frozen Ramparts          Ice            42%        1d6       1%          3
 Gell's Gravitas          Tloc           72%        N/A       1%          3
 Ignite Poison            Fire/Tmut/Pois 40%        N/A       1%          3
 Lesser Beckoning         Tloc           72%        N/A       1%          3
 Swiftness                Air            56%        N/A       1%          3
 Teleport Other           Tloc           72%        N/A       1%          3
 Tukima's Dance           Hex            81%        N/A       1%          3
 Anguish                  Hex/Necr       29%        N/A       1%          4
 Flame Wave               Conj/Fire      100%       2d17      1%          4
 Hailstorm                Conj/Ice       97%        3d19      1%          4
 Leda's Liquefaction      Hex/Erth       29%        N/A       1%          4
 Sticky Flame             Conj/Fire      100%       2d11      1%          4
 Fireball                 Conj/Fire      55%        3d21      1%          5
 Freezing Cloud           Conj/Ice/Air   45%        6-21      1%          5
 Iskenderun's Battlesphe  Conj           100%       2d15      1%          5
 Manifold Assault         Tloc           72%        N/A       1%          5
 Summon Mana Viper        Hex/Summ       59%        N/A       3%          5
 Summon Forest            Summ/Tloc      26%        N/A       4%          5
 Iron Shot                Conj/Erth      48%        9d9       4%          6
 Dispersal                Tloc           36%        N/A       6%          6
 Animate Armour           Summ/Erth      42%        N/A       7%          4
 Dispel Undead            Necr           21%        3d11      7%          4
 Summon Ice Beast         Ice/Summ       21%        N/A       7%          4
 Enfeeble                 Hex            40%        N/A       14%         7
 Agony                    Necr           21%        N/A       19%         5
 Blade Hands              Tmut           10%        N/A       19%         5
 Excruciating Wounds      Necr           10%        N/A       19%         5
 Eringya's Noxious Bog    Tmut/Pois      10%        N/A       67%         6
 Summon Cactus Giant      Summ           10%        N/A       67%         6
 Malign Gateway           Summ/Tloc      26%        N/A       77%         7
 Monstrous Menagerie      Summ           10%        N/A       99%         7
 Summon Hydra             Summ           10%        N/A       99%         7
 Summon Horrible Things   Summ           10%        N/A       100%        8


Dungeon Overview and Level Annotations

Branches:
Dungeon (12/15)            Temple (0/1) D:7            Lair (6/6) D:10
 Shoals (2/4) Lair:4       Spider (1/4) Lair:2        Slime (0/5) Lair:5
    Orc (2/2) D:9             Elf (0/3) Orc:2       Ossuary (visited)
  IceCv (visited)

Shops:
D:2 *   D:7 (   D:10 (   D:11 (   Orc:2 *?:[   Shoals:1 [

Portals:
Abyss: Lair:6


Innate Abilities, Weirdness & Mutations

You have an increased reservoir of magic. (+10% MP)
You shall have no god before yourself.
Your divine heritage dramatically boosts your attributes as you level up.


Message History

Aiming: Fulminant Prism (safe; 1% risk of failure)
Press: ? - help, Dir - move target You feel a surge of power!
You conjure a prism of explosive energy!
A fulminant prism comes into view.
The faun shoots a sling bullet.
The sling bullet hits you but does no damage.
Your fulminant prism crackles loudly.
The faun shoots a sling bullet.
The sling bullet hits your fulminant prism!
Your fulminant prism explodes!
The blast of energy engulfs the faun!!!
The faun is almost dead.
The blast of energy engulfs the faun!!
The faun is heavily wounded.
The blast of energy engulfs the faun!!!
You kill the faun!
You hear a splash. x3
The faun casts a spell at you. You resist with almost no effort.
The faun unwields a +0 spear.
The faun wields a +0 hunting sling.
The faun shoots a stone.
The stone misses you.
A merfolk comes into view. It is wielding a +0 trident.
The faun shoots a stone.
The stone hits you!!
* * * LOW HITPOINT WARNING * * *
The faun shoots a sling bullet.
The sling bullet barely misses you.
The faun shoots a sling bullet.
The sling bullet misses you.
The faun shoots a stone.
The stone hits you!!
* * * LOW HITPOINT WARNING * * *
The faun shoots a sling bullet.
The sling bullet closely misses you.
Unknown command.
The merfolk shouts!
The merfolk throws a boomerang.
The boomerang hits you!
* * * LOW HITPOINT WARNING * * *
As you read the scroll of teleportation, it crumbles to dust.
You feel strangely unstable.
The merfolk throws a boomerang.
The boomerang hits you but does no damage.
You feel your willpower return.
The merfolk throws a boomerang.
The boomerang hits you.
You die...

≈.# #....≈≈)≈≈≈≈≈≈≈≈≈
≈.## #.......≈≈≈≈≈≈≈≈≈≈
≈..######...###.≈≈≈≈≈≈≈≈≈
...##.####### ##m≈≈≈≈≈≈≈≈
###(.)..# #.≈≈≈≈≈≈≈≈ #
##(...# #.≈≈≈≈≈≈≈≈ #
#....##### #.≈≈≈≈≈≈≈≈ #
#.....)..# #.≈≈≈≈≈≈≈≈ #
#...<.#..# #@≈≈≈≈≈≈≈≈ #
##..≈.#..## ##≈≈≈≈.≈≈≈
####..≈.##..## #.≈≈≈≈≈≈≈
##....≈[......###.≈≈≈≈≈≈≈
......≈≈.)..).....≈≈≈≈≈≈≈
...≈≈..≈≈≈≈....≈.≈≈.≈≈≈≈.
..≈≈≈≈..≈≈≈.#..≈≈≈≈≈≈≈≈.#
)≈≈≈≈≈..≈≈≈.##..≈≈≈≈≈≈≈≈.
.≈≈≈≈≈≈)≈≈≈....≈≈≈..≈≈≈≈≈


You could see a merfolk.

Vanquished Creatures
  2 krakens (Shoals:1)
  Gastronok (Lair:1)
  A ghost moth (Lair:2)
  2 broodmothers
  A reaper (IceCv)
  3 entropy weavers (Spider:1)
  Josephine (Orc:1)
  4 merfolk impalers
  2 merfolk javelineers
  Erolcha (D:12)
  An ice dragon (Lair:4)
  An alligator snapping turtle (Shoals:1)
  A boulder beetle (Lair:6)
  2 merfolk avatars (Shoals:1)
  A jorogumo (Spider:1)
  5 two-headed ogres
  9 hydras
  3 merfolk aquamancers (Shoals:1)
  A centaur warrior (D:10)
  A tengu warrior (D:11)
  A death yak (Lair:2)
  4 thrashing horrors (Lair:6)
  4 orc high priests (Orc:2)
  Urug (Lair:4)
  2 pharaoh ants (Spider:1)
  The ghost of seaoflcl the Poker, a novice HuFi of Zin (D:8)
  3 sea snakes (Shoals:1)
  4 orb spiders (Spider:1)
  A wizard (D:12)
  The ghost of KittyFluff the Cruncher, a novice GrBe of Trog (D:8)
  An orc sorcerer (Orc:2)
  4 ugly things
  An orc knight (Orc:2)
  3 harpies (Shoals:1)
  An oklob plant (Lair:2)
  7 wolf spiders
  5 fauns
  A cyclops (D:12)
  6 manticores
  9 merfolk sirens
  2 ice statues
  7 black mambas
  5 elephants (Lair:3)
  A black mamba (shapeshifter) (Lair:6)
  A torpor snail (Lair:2)
  A smoke demon (Lair:6)
  A water nymph (Shoals:1)
  15 cane toads
  Maggie (D:7)
  An unseen horror (D:11)
  2 gargoyles (D:12)
  A demonic crawler (Spider:1)
  2 anaconda simulacra (IceCv)
  2 rime drakes
  8 komodo dragons
  2 ice devils (D:12)
  2 ancient zymes (Lair:6)
  An entropy weaver simulacrum (IceCv)
  A tengu conjurer (D:12)
  The ghost of Zeld the Shield-Bearer, an amateur MiFi of Trog (D:5)
  5 trolls
  26 merfolk
  5 wind drakes
  8 polar bears
  3 hornets
  Grinder (D:5)
  Prince Ribbit (D:7)
  12 tarantellas (Spider:1)
  4 slime creatures (D:12)
  27 blink frogs
  11 dream sheep
  14 jumping spiders
  2 snapping turtles
  2 spriggans (Lair:6)
  6 culicivoras (Spider:1)
  A water elemental (Shoals:1)
  5 wraiths
  A vampire (D:12)
  3 ynoxinuls (Lair:6)
  3 wyverns
  A hog (shapeshifter) (Lair:6)
  49 yaks
  10 basilisks
  A chaos spawn (Lair:6)
  4 death yak simulacra (IceCv)
  6 redbacks (Spider:1)
  2 vampire mosquitoes (D:12)
  2 harpy simulacra (IceCv)
  2 acid dragons
  14 water moccasins
  7 ice beasts
  15 orc warriors
  3 black bears
  4 ogres
  21 wolves
  4 centaurs
  A phantom (D:5)
  A kobold brigand (D:3)
  17 bullfrogs
  9 small abominations (Lair:6)
  2 gnoll sergeants
  3 water moccasin zombies (Ossuary)
  A cane toad simulacrum (IceCv)
  A scorpion (D:6)
  6 two-headed ogre simulacra (IceCv)
  2 water moccasin skeletons
  3 elephant simulacra (IceCv)
  4 killer bees (D:11)
  3 wights (D:10)
  2 howler monkeys (D:9)
  3 electric eels
  A crimson imp (D:8)
  2 bullfrog zombies (D:5)
  8 centaur zombies
  24 orc priests
  A bullfrog skeleton (D:5)
  3 hounds
  A jelly (D:8)
  A gnoll shaman (D:8)
  Jessica (D:3)
  23 orc wizards
  6 troll simulacra (IceCv)
  4 polar bear simulacra (IceCv)
  7 spriggan simulacra (IceCv)
  A killer bee zombie (D:8)
  A hound skeleton (D:4)
  2 mummies (Ossuary)
  A howler monkey zombie (D:11)
  7 adders
  19 gnolls
  A howler monkey skeleton (D:6)
  3 naga simulacra (IceCv)
  2 white imps
  9 ufetubi
  4 adder zombies (Ossuary)
  4 worms
  4 dart slugs
  45 orcs
  8 ball pythons
  3 endoplasms (D:2)
  A giant cockroach (D:4)
  A gnoll zombie (Ossuary)
  8 goblins
  5 hobgoblins
  7 jackals
  11 kobolds
  3 quokkas
  5 bats
  5 frilled lizards
  2 hobgoblin zombies (Ossuary)
  6 kobold zombies (Ossuary)
  3 orc zombies (Ossuary)
  4 rats
  A fulminant prism (Lair:2)
  12 tentacles (Shoals:1)
773 creatures vanquished.

Vanquished Creatures (collateral kills)
  A two-headed ogre (D:7)
  A steam dragon (D:7)
2 creatures vanquished.

Vanquished Creatures (others)
  22 ball lightnings
  329 fulminant prisms
  94 fungi
  336 plants
  12 tentacles (Shoals:1)
  5 withered plants (D:8)
798 creatures vanquished.

Grand Total: 1573 creatures vanquished

Notes
Turn   | Place    | Note
-------+----------+-------------------------------------------
     0 | D:1      | pkoi the Demigod Conjurer began the quest for the Orb.
     0 | D:1      | Reached XP level 1. HP: 14/14 MP: 5/5
   339 | D:1      | Reached skill level 4 in Conjurations
   402 | D:1      | Reached XP level 2. HP: 18/20 MP: 2/7
   786 | D:1      | Learned a level 2 spell: Searing Ray
   897 | D:1      | Reached XP level 3. HP: 26/26 MP: 0/8
  2080 | D:2      | Reached skill level 5 in Conjurations
  2281 | D:2      | Found Dafarch's Assorted Antiques.
  2287 | D:2      | Bought a scroll labelled XUDATAH HUIVI for 24 gold pieces
  2287 | D:2      | Bought a scroll labelled MOKUNL XOCLIKH for 24 gold pieces
  2780 | D:3      | Reached XP level 4. HP: 33/33 MP: 3/9
  2952 | D:3      | Noticed a kobold brigand
  2973 | D:3      | Killed a kobold brigand
  2974 | D:3      | Reached XP level 5. HP: 35/38 MP: 1/11
  3601 | D:3      | Noticed Jessica
  3606 | D:3      | Killed Jessica
  3773 | D:4      | Learned a level 4 spell: Iskenderun's Mystic Blast
  3967 | D:4      | Reached skill level 6 in Conjurations
  4138 | D:4      | Reached skill level 1 in Translocations
  4225 | D:4      | Noticed an ogre
  4231 | D:4      | Killed an ogre
  4232 | D:4      | Reached XP level 6. HP: 45/45 MP: 5/13
  4498 | D:4      | Reached skill level 1 in Armour
  5243 | D:5      | Entered Level 5 of the Dungeon
  5423 | D:5      | Reached XP level 7. HP: 36/50 MP: 2/15
  5514 | D:5      | Found a runed translucent gate.
  5514 | D:5      | Found a runed translucent gate.
  5519 | D:5      | Noticed Grinder
  5526 | D:5      | Paralysed by Grinder for 7 turns
  5534 | D:5      | Killed Grinder
  5831 | D:5      | Found a runed translucent gate.
  6186 | D:5      | Noticed Zeld's ghost (amateur MiFi)
  6423 | D:6      | Reached skill level 7 in Conjurations
  6423 | D:6      | Reached XP level 8. HP: 57/57 MP: 12/17
  7607 | D:7      | Noticed Prince Ribbit
  7619 | D:7      | Killed Prince Ribbit
  7620 | D:7      | Reached skill level 5 in Spellcasting
  7796 | D:7      | Found a staircase to the Ecumenical Temple.
  7867 | D:7      | Learned a level 4 spell: Fulminant Prism
  8008 | D:7      | Noticed a two-headed ogre
  8378 | D:7      | Noticed a hornet
  8463 | D:7      | Killed a hornet
  8464 | D:7      | Reached skill level 1 in Hexes
  8464 | D:7      | Reached XP level 9. HP: 42/62 MP: 7/20
  8677 | D:7      | Killed a two-headed ogre
  8678 | D:7      | Reached skill level 5 in Armour
  8678 | D:7      | Reached skill level 8 in Conjurations
  8678 | D:7      | Reached skill level 5 in Translocations
  8870 | D:7      | Noticed Maggie
  8885 | D:7      | Killed Maggie
  9245 | D:7      | Found Neiph's Antique Weapon Boutique.
  9859 | D:8      | Found a sand-covered staircase.
  9868 | Ossuary  | Entered an ossuary
 10616 | D:8      | Found a runed translucent gate.
 10616 | D:8      | Found a runed translucent gate.
 10617 | D:8      | Noticed seaoflcl's ghost (novice HuFi)
 10618 | D:8      | Found a runed translucent gate.
 10618 | D:8      | Noticed KittyFluff's ghost (novice GrBe)
 10802 | D:8      | Reached XP level 10. HP: 59/69 MP: 13/22
 11566 | D:9      | Learned a level 2 spell: Blink
 11675 | D:9      | Reached skill level 9 in Conjurations
 11751 | D:9      | Found a staircase to the Orcish Mines.
 12208 | D:9      | Reached skill level 1 in Fighting
 12716 | D:10     | Entered Level 10 of the Dungeon
 12738 | D:10     | Noticed a centaur warrior
 12746 | D:10     | Killed a centaur warrior
 12747 | D:10     | Reached skill level 5 in Hexes
 13199 | D:10     | Noticed a two-headed ogre
 13210 | D:10     | Killed a two-headed ogre
 13497 | D:10     | Noticed a two-headed ogre
 13507 | D:10     | Killed a two-headed ogre
 13682 | D:10     | Found Ofoyneph's Antique Weapon Shop.
 13690 | D:10     | Bought a dazzling scimitar for 270 gold pieces
 13690 | D:10     | Identified the +5 scimitar of the Vaults {vorpal, rPois
                  | Int+3} (You bought it in a shop on level 10 of the Dungeon)
 13878 | D:10     | Reached skill level 1 in Evocations
 14139 | D:10     | Reached XP level 11. HP: 82/82 MP: 12/24
 14458 | D:10     | Found a staircase to the Lair.
 16973 | D:11     | Found Kuqini Jume's Weapon Shoppe.
 17419 | Lair:1   | Entered Level 1 of the Lair of Beasts
 17915 | Lair:1   | Reached skill level 10 in Conjurations
 18040 | Lair:1   | Noticed Gastronok
 18071 | Lair:1   | Killed Gastronok
 18359 | Lair:1   | You fall into a shaft and drop 1 floor!
 18609 | Lair:2   | Noticed a four-headed hydra
 18616 | Lair:2   | Killed a four-headed hydra
 18801 | Lair:2   | Noticed an eight-headed hydra
 18809 | Lair:2   | Killed an eight-headed hydra
 19732 | Lair:1   | Learned a level 7 spell: Orb of Destruction
 20787 | Lair:2   | Reached XP level 12. HP: 86/93 MP: 9/26
 21292 | Lair:2   | Reached skill level 5 in Fighting
 21451 | Lair:2   | Reached skill level 5 in Stealth
 22090 | Lair:2   | Found a hole to the Spider Nest.
 22898 | Lair:3   | Reached skill level 5 in Dodging
 23539 | Lair:2   | Identified a scroll of acquirement
 23541 | Lair:2   | Acquired a staff of conjuration
 23575 | Lair:3   | Reached skill level 11 in Conjurations
 23751 | Lair:3   | Noticed a four-headed hydra
 23758 | Lair:3   | Killed a four-headed hydra
 25015 | Lair:4   | Reached skill level 12 in Conjurations
 25878 | Lair:4   | Noticed Urug
 25895 | Lair:4   | Killed Urug
 25896 | Lair:4   | Reached XP level 13. HP: 101/101 MP: 3/28
 26446 | Lair:4   | Reached skill level 13 in Conjurations
 27350 | Lair:4   | Found a staircase to the Shoals.
 29016 | Lair:5   | Identified the +10 falchion "Impbane" {holy, Str+6}
 29053 | Lair:5   | Reached skill level 14 in Conjurations
 29401 | Lair:5   | Found a staircase to the Slime Pits.
 29418 | Lair:5   | Identified the +10 short sword of Deqy {venom, Will- Int+7}
 30110 | Lair:6   | Entered Level 6 of the Lair of Beasts
 31114 | Lair:6   | Reached skill level 15 in Conjurations
 32304 | Lair:6   | Paralysed by a spriggan for 4 turns
 33757 | Lair:6   | Reached skill level 5 in Evocations
 34014 | Lair:6   | Reached XP level 14. HP: 108/108 MP: 21/30
 35229 | Lair:6   | Found a one-way gate to the infinite horrors of the Abyss.
 35867 | D:12     | Noticed Erolcha
 35900 | D:12     | Killed Erolcha
 35902 | D:12     | Identified the +7 chain mail of a treasure trove {Str+6}
 36155 | D:12     | Found a frozen archway.
 36232 | IceCv    | Entered an ice cave
 36256 | IceCv    | Learned a level 6 spell: Starburst
 37667 | IceCv    | Got the Handbook of Fetching Flight
 37984 | IceCv    | Reached skill level 1 in Fire Magic
 38144 | IceCv    | Noticed a reaper
 38690 | IceCv    | Killed a reaper
 39493 | D:12     | Acquired 781 gold pieces
 40902 | D:5      | Killed Zeld's ghost
 41009 | D:8      | Killed seaoflcl's ghost
 41011 | D:8      | Killed KittyFluff's ghost
 41156 | D:8      | Acquired the ring of Nicval {Wiz rElec Will+ Dex-2}
 41341 | Spider:1 | Entered Level 1 of the Spider Nest
 44061 | Spider:1 | Identified the +0 cloak of the Leaf {Str+2}
 44079 | Spider:1 | Noticed a broodmother
 44098 | Spider:1 | Killed a broodmother
 45465 | Spider:1 | Found the +5 robe of Night {Dark Will+ SInv}
 45536 | Spider:1 | Noticed a broodmother
 45788 | Lair:2   | Killed a broodmother
 46029 | Spider:1 | Learned a level 6 spell: Conjure Ball Lightning
 46031 | Spider:1 | Reached skill level 16 in Conjurations
 46104 | Spider:1 | Reached XP level 15. HP: 118/118 MP: 10/32
 47048 | Lair:2   | Reached skill level 1 in Air Magic
 48268 | Orc:1    | Entered Level 1 of the Orcish Mines
 48277 | Orc:1    | Noticed Josephine
 48285 | Orc:1    | Killed Josephine
 48658 | Orc:2    | Entered Level 2 of the Orcish Mines
 48658 | Orc:2    | Found a staircase to the Elven Halls.
 50457 | Orc:2    | Found Emeterph's Antique Armour Shop.
 50457 | Orc:2    | Found Mevunod's Magic Scroll Boutique.
 50458 | Orc:2    | Found Mytuuk's Assorted Antiques.
 50462 | Orc:2    | Found Estrucug's Book Shop.
 50467 | Orc:2    | Bought a runed helmet for 277 gold pieces
 50479 | Orc:2    | Bought a scroll of blinking for 105 gold pieces
 50479 | Orc:2    | Bought a scroll of blinking for 105 gold pieces
 50479 | Orc:2    | Bought a scroll of vulnerability for 105 gold pieces
 50481 | Orc:2    | Bought a scroll of enchant armour for 105 gold pieces
 50945 | Lair:4   | Identified the amulet of Jyfesmoi {Faith -Tele rElec rC+++
                  | Dex+2}
 51000 | Shoals:1 | Entered Level 1 of the Shoals
 51438 | Shoals:1 | Reached skill level 5 in Fire Magic
 51727 | Shoals:1 | Found Foiblar's Antique Armour Shop.
 52025 | Shoals:1 | Noticed a kraken
 52038 | Shoals:1 | Killed a kraken
 52870 | Shoals:1 | Noticed a kraken
 53714 | Shoals:1 | Killed a kraken
 56041 | Shoals:2 | HP: 3/123 [merfolk/boomerang (12)]
 56046 | Shoals:2 | Hit by a boomerang thrown by a merfolk

Illustrated notes

Levels and vault maps discovered:
D:1:      dpeg_arrival_more_subterranean_lakeside_camping, layout_rooms,
          shapermc_ecumenical_altar_hornbeckon, chequers_serial_rivers_small_b
D:2:      layout_basic, basic_altar, serial_shops, nicolae_shop_crystal
D:3:      layout_rooms, uniq_jessica
D:4:      layout_loops_ring, gammafunk_temple_overflow_pools
D:5:      layout_cave_pools, mainiacjoe_overflow_tiny_flanked,
          gammafunk_ghost_necromancy, hangedman_decor_riveting, uniq_grinder
D:6:      layout_loops_ring, nzn_hepliaklqana_mist_gate, minivault_23
D:7:      layout_cave_pools, mainiacjoe_overflow_catwalk,
          minmay_temple_entry_glass, serial_shops, nicolae_shop_statue_plus,
          minmay_a_box_with_orc_wizards_in_it, uniq_maggie, uniq_prince_ribbit1
D:8:      layout_basic, grunt_temple_overflow_lords_of_destruction,
          gammafunk_ghost_cemetery, enter_ossuary_1
D:9:      layout_basic, orc_0_dummy, kennysheep_pointless_box
D:10:     statuecave_lemuel, layout_long_grid, kennysheep_mini,
          david_lair_shrubbed, serial_shops, shop, chequers_serial_rivers_marsh
D:11:     layout_cave_pools, serial_shops, nicolae_shop_bloodbath_and_beyond,
          kennysheep_generic_room_6
D:12:     layout_rooms, portal_ice_cave_demonic_guard, grunt_ministairs_8,
          nzn_random_ring, uniq_erolcha
Lair:1:   wad_woods_pond, layout_small_grid, uniq_gastronok
Lair:2:   minmay_lair_venomous_thicket, layout_chaotic_city,
          spider_nest_entry_funnel_web, tgw_fedhas
Lair:3:   layout_loops_ring, chequers_serial_rivers_small_3, lemuel_fruit_tree,
          grunt_megastairs_5
Lair:4:   layout_regular_city, minmay_shoals_entry_hut, ice2_lemuel,
          infiniplex_staircase_pool_2, uniq_urug
Lair:5:   layout_cave_pods, slime_altar_1
Lair:6:   hellmonk_lair_end_abyssal_woods, layout_cave_pods,
          nicolae_quartered_pool_super
Shoals:1: nicolae_shoals_lighthouse, layout_shoals, serial_shops, shop
Shoals:2: layout_shoals
Spider:1: cheibrodos_spider_silkery, guppyfry_spider_mini_3
Orc:1:    layout_caves, serial_shops, shop, lightli_church_of_beogh,
          uniq_josephine
Orc:2:    st_orc_mages, layout_caves, minmay_orc_temple_a

Skill      XL: |  1  2  3  4  5  6  7  8  9 10 11 12 13 14 15 |
---------------+----------------------------------------------+-----
Conjurations   | 4 5 6 7 8 9 10 12 15 16 | 16.0
Spellcasting   | 2 3 4 5 6 7 8 9 |  9.5
Translocations | 1 2 3 4 6 7 |  7.0
Armour         | 2 3 4 5 6 7 |  7.0
Hexes          | 1 3 5 6 7 8 9 |  9.0
Fighting       | 3 4 5 7 8 |  8.4
Dodging        | 2 4 5 6 8 |  8.1
Stealth        | 2 4 5 6 |  6.0
Evocations     | 1 3 4 5 6 |  6.3
Fire Magic     | 4 6 |  6.0
Air Magic      | 4 |  4.1

Action                   |  1- 3 |  4- 6 |  7- 9 | 10-12 | 13-15 || total
-------------------------+-------+-------+-------+-------+-------++-------
Melee: Dagger            |     5 |    15 |    45 |    22 |       ||    87
       Scimitar          |       |       |       |    29 |       ||    29
       Punch             |       |       |       |     3 |       ||     3
       Short sword       |       |       |       |       |    14 ||    14
       Staff             |       |       |       |       |    24 ||    24
 Cast: Magic Dart        |    93 |    64 |    61 |   117 |   181 ||   516
       Searing Ray       |       |    14 |    25 |     2 |       ||    41
       Fulminant Prism   |       |       |    21 |   121 |   188 ||   330
       Iskenderun's Myst |       |       |    15 |   121 |   186 ||   322
       Orb of Destructio |       |       |       |       |   159 ||   159
       Starburst         |       |       |       |       |     7 ||     7
       Conjure Ball Ligh |       |       |       |       |     8 ||     8
Evoke: Wand              |       |       |       |       |     4 ||     4
  Use: Scroll            |     5 |     6 |    10 |     8 |    15 ||    44
       Potion            |       |       |       |       |     1 ||     1
 Stab: Sleeping          |       |     1 |       |     1 |       ||     2
Armor: Robe              |     6 |     3 |       |       |     2 ||    11
       Leather armour    |       |     6 |    52 |    87 |    74 ||   219
Dodge: Dodged            |    10 |    30 |    74 |   102 |   244 ||   460
